 Dungeon Crawl Stone Soup version 0.23-a0-419-g0174fd80c1 (webtiles) character file.

184 Yermak the Sneak (level 5, -1/37 HPs)
             Began as an Octopode Monk on Nov 14, 2018.
             Slain by a hound (3 damage)
             ... on level 4 of the Dungeon.
             The game lasted 00:03:32 (453 turns).

Yermak the Sneak (Octopode Monk)                     Turns: 453, Time: 00:03:32

Health: -1/37      AC:  1    Str: 16    XL:     5   Next: 63%
Magic:  5/5        EV: 15    Int: 15    God:
Gold:   70         SH:  0    Dex: 15    Spells: 4/4 levels left

rFire    . . .     SeeInvis .   a - +0 short sword
rCold    . . .     Gourm    .   (no shield)
rNeg     . . .     Faith    .   (helmet restricted)
rPois    .         Spirit   .   (no amulet)
rElec    .         Reflect  .   m - ring of protection from magic
rCorr    .         Harm     .   H - +3 ring of intelligence
MR       +....                  (no ring)
Stlth    ++++......             (no ring)
HPRegen  0.00/turn              (no ring)
MPRegen  0.09/turn              (no ring)
                                (no ring)
                                (no ring)

@: mighty
A: almost no armour, stealthy swim, amphibious, 8 rings, constrict 8, camouflage
1, inhibited regeneration, wild magic 1, gelatinous body 1
a: no special abilities


You were on level 4 of the Dungeon.
You were full.

You visited 1 branch of the dungeon, and saw 4 of its levels.

You collected 70 gold pieces.

Inventory:

Hand Weapons
 a - a +0 short sword (weapon)
Jewellery
 m - a ring of protection from magic (left tentacle)
 H - a +3 ring of intelligence (right tentacle)
Scrolls
 A - a scroll of identify {unknown}
 C - a scroll of enchant weapon {unknown}
 D - a scroll of magic mapping {unknown}
 E - a scroll of remove curse {unknown}
Comestibles
 z - 2 rations


   Skills:
 + Level 4.1 Fighting
 - Level 3.0 Short Blades
 - Level 3.4 Dodging
 + Level 6.5 Stealth


You had 4 spell levels left.
You didn't know any spells.
Your spell library was empty.

Dungeon Overview and Level Annotations

Branches:
Dungeon (4/15)
 Temple: D:4-7

Altars:


Innate Abilities, Weirdness & Mutations

You cannot wear most types of armour.
You are very stealthy in the water. (Stealth+)
You are amphibious.
You can wear up to eight rings at the same time.
You can use your tentacles to constrict eight enemies at once.
Your skin changes colour to match your surroundings (Stealth+).
Your rubbery body absorbs attacks. (AC +1, EV +1)
You do not regenerate when monsters are visible.
Your spells are a little harder to cast, but a little more powerful.


Message History

* * * LOW HITPOINT WARNING * * *
You barely miss something. Something hits you.
* * * LOW HITPOINT WARNING * * *
Something shocks you.
* * * LOW HITPOINT WARNING * * *
You barely miss something. You squeeze something.
Your Fighting skill increases to level 4!
Your Stealth skill increases to level 6!
You have reached level 5!
You feel stronger.
You feel a bit more experienced.
You hit the hound. Your grab misses the hound.
The hound is moderately wounded.
The hound closely misses you. The hound barely misses you.
The iguana barely misses you. The hound bites you but does no damage.
You miss the hound. Your grab misses the hound.
The hound is moderately wounded.
The hound bites you.
You die...

#......#........
#......+........
.########...≈.........
..........##.##.....# ####
.........##...##....# ...
.........#.###.#....# ...
.........#l.†..#....# ..
.........#h###.#....# .# .
########.##@..##.######.##..
#..##.##.............
##.............<.....
#..)................
####################


You could see an iguana and a hound.

Vanquished Creatures
  A sky beast (D:4)
  An orc priest (D:2)
  An orc wizard (D:2)
  An adder (D:3)
  A worm (D:2)
  2 dart slugs (D:1)
  3 orcs
  A giant cockroach (D:1)
  3 goblins
  4 hobgoblins
  2 jackals (D:1)
  A ball python (D:3)
  A kobold (D:3)
  A rat (D:3)
23 creatures vanquished.

Notes
Turn   | Place    | Note
-------+----------+-------------------------------------------
     0 | D:1      | Yermak the Octopode Monk began the quest for the Orb.
     0 | D:1      | Reached XP level 1. HP: 16/16 MP: 1/1
    34 | D:1      | Reached skill level 3 in Stealth
    75 | D:1      | Reached XP level 2. HP: 19/21 MP: 2/2
   221 | D:2      | Reached skill level 5 in Stealth
   221 | D:2      | Reached XP level 3. HP: 21/26 MP: 3/3
   227 | D:2      | Reached XP level 4. HP: 17/31 MP: 4/4
   410 | D:4      | Noticed a sky beast
   425 | D:4      | Gained mutation: You do not regenerate when monsters are
                  | visible. [potion of mutation]
   425 | D:4      | Gained mutation: Your spells are a little harder to cast,
                  | but a little more powerful. [potion of mutation]
   448 | D:4      | HP: 1/31 [something (6)]
   449 | D:4      | Killed a sky beast
   449 | D:4      | Reached skill level 6 in Stealth
   449 | D:4      | Reached XP level 5. HP: 2/37 MP: 5/5
   453 | D:4      | Slain by a hound

Vault maps used:
D:1:      elethiomel_arrival_infinity_welcomes_careful_drivers
D:2:      nicolae_gozag_cash_rules_everything_around_me, uniq_crazy_yiuf_cottage
D:4:      first_ration, minmay_checkerbox, uniq_purgy, uniq_ijyb, uniq_menkaure,
          uniq_blork_the_orc

Skill      XL: |  1  2  3  4 |
---------------+-------------+-----
Stealth        | 3 5 6 |  6.5
Fighting       | 4 |  4.1
Short Blades   | |  3.0
Dodging        | |  3.4

Action                   |  1- 3 |  4- 6 || total
-------------------------+-------+-------++-------
Melee: Short sword       |    27 |    34 ||    61
       Constrict         |     7 |     7 ||    14
       Tentacles         |     5 |     6 ||    11
  Use: Potion            |       |     3 ||     3
 Stab: Sleeping          |     5 |     1 ||     6
  Eat: Ration            |       |     1 ||     1
Armor: Skin              |       |     1 ||     1
Dodge: Dodged            |    10 |    24 ||    34

Table legend:
 A = Non-vault XP
 B = Vault XP
 C = Vault XP percentage of total XP
 D = Non-vault monster count
 E = Vault monster count
 F = Vault count percentage of total count
                 A         B        C        D         E       F
            +---------+---------+-------+---------+---------+-------
      Total |     134 |     129 |  49.0 |      22 |       1 |   4.3
            +---------+---------+-------+---------+---------+-------
        D:1 |      20 |       0 |   0.0 |       8 |       0 |   0.0
        D:2 |      91 |       0 |   0.0 |       7 |       0 |   0.0
        D:3 |      20 |       0 |   0.0 |       6 |       0 |   0.0
        D:4 |       3 |     129 |  97.7 |       1 |       1 |  50.0
            +---------+---------+-------+---------+---------+-------
